 Dungeon Crawl Stone Soup version 0.29.0-4-gdea44cf6ec (webtiles) character file.

Game seed: 14303690389366489051

38 qw the Sneak (level 3, -2/23 HPs)
             Began as a Gargoyle Delver on Sept 10, 2022.
             Slain by a necrophage (5 damage)
             ... on level 4 of the Dungeon.
             The game lasted 00:00:06 (600 turns).

qw the Sneak (Gargoyle Delver)                       Turns: 600, Time: 00:00:06

Health: -2/23      AC:  6    Str: 17    XL:     3   Next: 43%
Magic:  3/3        EV: 11    Int: 10    God:
Gold:   0          SH:  0    Dex: 11    Spells: 2/2 levels left

rFire   . . .      SeeInvis .   a - +0 hand axe
rCold   . . .      Faith    .   (no shield)
rNeg    + . .      Spirit   .   b - +0 leather armour
rPois   inf        Reflect  .   (no helmet)
rElec   +          Harm     .   (no cloak)
rCorr   .          Rampage  .   (no gloves)
Will    .....                   (no boots)
Stlth   +++.......              (no amulet)
HPRegen 0.07/turn               (no ring)
MPRegen 0.08/turn               (no ring)

@: no status effects
A: sickness immunity, AC +3, negative energy resistance 1, electricity
resistance, torment resistance 1, petrification resistance
a: no special abilities


You were on level 4 of the Dungeon.
You visited 1 branch of the dungeon, and saw 2 of its levels.


Innate Abilities, Weirdness & Mutations

You are immune to sickness and miasma.
Your stone body is resilient. (AC +3)
You are immune to poison.
You resist negative energy. (rN+)
You are resistant to electric shocks. (rElec)
You are resistant to unholy torment.
You are immune to petrification.


   Skills:
 - Level 3.2 Fighting
 + Level 3.4 Axes
 - Level 1.5 Dodging
 - Level 5.4 Stealth


You had 2 spell levels left.
You didn't know any spells.
Your spell library was empty.

Inventory:

Hand Weapons
 a - a +0 hand axe (weapon)
Armour
 b - a +0 leather armour (worn)
Wands
 g - a wand of digging (3)
Potions
 f - a potion of haste
 h - a potion of berserk rage {unknown}

Dungeon Overview and Level Annotations

Branches:
Dungeon (5/15)
 Temple: D:4-7

Altars:


Message History

The black bear claws you but does no damage.
The black bear claws you.
You hit the necrophage but do no damage.
The necrophage is moderately damaged.
You hit the black bear. The necrophage barely misses you.
The black bear closely misses you. The black bear barely misses you. x2
You slash the black bear!
The black bear is severely wounded.
You hit the necrophage.
The necrophage hits you but does no damage.
The black bear closely misses you.
The black bear claws you but does no damage.
The black bear barely misses you.
You closely miss the black bear.
The black bear is severely wounded.
You hit the necrophage. The necrophage barely misses you.
The black bear bites you but does no damage.
The black bear closely misses you.
The black bear claws you but does no damage.
You hit the black bear.
The black bear is almost dead.
You hit the necrophage.
The necrophage hits you but does no damage.
The black bear goes berserk!
You barely miss the black bear.
The black bear is almost dead.
You hit the necrophage. The black bear bites you.
The black bear barely misses you.
The black bear claws you but does no damage.
The necrophage closely misses you. The black bear misses you.
The black bear claws you.
The black bear claws you but does no damage.
You hit the black bear.
The black bear is almost dead.
You barely miss the necrophage.
The black bear bites you but does no damage.
The black bear claws you. The black bear misses you. The necrophage hits you.
You die...

##.. #.# . ...
#.# .. ..##.#
... ..#.#
!...#...#
....?.#
#####..n####.#
......)@.....#
.......h.#####
.........#
......[..#
.........#
........$#
......!..#
.........#


You could see a black bear (berserk) and a necrophage.

Vanquished Creatures
  A hound (D:5)
  An ufetubus (D:5)
  A goblin (D:4)
3 creatures vanquished.

Notes
Turn   | Place    | Note
-------+----------+-------------------------------------------
     0 | D:5      | qw the Gargoyle Delver began the quest for the Orb.
     0 | D:5      | Reached XP level 1. HP: 14/14 MP: 1/1
     0 | D:5      | 0 ||| qw: Version: 0.1-a-116-g5d60599
     0 | D:5      | 0 ||| qw: Game counter: 8731
     0 | D:5      | 0 ||| qw: Always use a shield: true
     0 | D:5      | 0 ||| qw: God list: Okawaru
     0 | D:5      | 0 ||| qw: Allow faded altars: false
     0 | D:5      | 0 ||| qw: Do Orc after D:15 true
     0 | D:5      | 0 ||| qw: Do second Lair branch before Depths: true
     0 | D:5      | 0 ||| qw: Lair rune preference: random
     0 | D:5      | 0 ||| qw: Plans: Normal
     0 | D:5      | 0 ||| PLANNING D:1-11
    12 | D:5      | Noticed a hound
    22 | D:5      | HP: 1/14 [hound (4)]
    23 | D:5      | Killed a hound
    24 | D:5      | Reached skill level 3 in Axes
    24 | D:5      | Reached XP level 2. HP: 2/19 MP: 2/2
    24 | D:5      | Reached XP level 3. HP: 3/23 MP: 3/3
   578 | D:5      | 578 ||| DROPPING scroll of fog.
   579 | D:5      | 579 ||| DROPPING scroll of magic mapping.
   580 | D:5      | 580 ||| DROPPING scroll of fear.
   587 | D:4      | Noticed a black bear
   587 | D:4      | Noticed a necrophage
   600 | D:4      | HP: 3/23 [black bear (3)]
   600 | D:4      | Slain by a necrophage

Levels and vault maps discovered:
D:4:      layout_basic, general_overflow_altar, temple_fountains, uniq_ijyb
D:5:      layout_basic, sigmund_edmund_badplayer

Skill      XL: |  1 |
---------------+----+-----
Axes           | 3 |  3.4
Fighting       | |  3.2
Dodging        | |  1.5
Stealth        | |  5.4

Action                   || total
-------------------------++-------
Melee: Hand axe          ||    26
Armor: Leather armour    ||    21
Dodge: Dodged            ||    38

Table legend:
 A = Non-vault XP
 B = Vault XP
 C = Vault XP percentage of total XP
 D = Non-vault monster count
 E = Vault monster count
 F = Vault count percentage of total count
                 A         B        C        D         E       F
            +---------+---------+-------+---------+---------+-------
      Total |      55 |       0 |   0.0 |       3 |       0 |   0.0
            +---------+---------+-------+---------+---------+-------
        D:4 |       2 |       0 |   0.0 |       1 |       0 |   0.0
        D:5 |      53 |       0 |   0.0 |       2 |       0 |   0.0
            +---------+---------+-------+---------+---------+-------
